 Dungeon Sprint DCSS version 0.30-a0-1116-gebefce21f7 (webtiles) character file.

Game seed: 13855035146074786300

39 123456 the Trooper (level 3, -8/37 HPs)
             Began as a Minotaur Fighter on Apr 21, 2023.
             Mangled by a sleepcap (11 damage)
             ... in the Dungeon (Sprint IX: "|||||||||||||||||||||||||||||").
             The game lasted 00:00:10 (35 turns).

123456 the Trooper (Minotaur Fighter)                 Turns: 35, Time: 00:00:10

Health: -8/37      AC:  7    Str: 22    XL:     3   Next: 26%
Magic:  2/2        EV:  2    Int:  5    God:
Gold:   0          SH:  0    Dex:  9    Spells: 2/2 levels left

rFire   . . .      SeeInvis .    a - +0 flail
rCold   . . .      Faith    .    c - +0 buckler
rNeg    . . .      Spirit   .    b - +0 scale mail
rPois   .          Reflect  .    (helmet restricted)
rElec   .          Rampage  .    (no cloak)
rCorr   .          NoTele   +    (no gloves)
Will    .....                    (no boots) Stlth
                                 (no amulet)
HPRegen 0.26/turn                (no ring)
MPRegen 0.08/turn                (no ring)

@: sleeping
A: horns 2, retaliatory headbutt
a: no special abilities


You were in the Dungeon.
You visited 1 branch

Inventory:

Hand Weapons
 a - a +0 flail (weapon)
Armour
 b - a +0 scale mail (worn)
 c - a +0 buckler (worn)
Scrolls
 j - a scroll of blinking
Potions
 d - a potion of might
 e - a potion of curing
 f - a potion of heal wounds
 g - a potion of haste
 h - 2 potions of magic
 i - a potion of berserk rage


   Skills:
 * Level 5.8 Fighting
 * Level 5.1 Maces & Flails
 + Level 4.7 Armour
 + Level 2.5 Dodging
 - Level 3.6 Shields


You had 2 spell levels left.
You didn't know any spells.
Your spell library was empty.

Dungeon Overview and Level Annotations

Branches:
Dungeon (1/1)

Altars:


Innate Abilities, Weirdness & Mutations

You have a pair of horns on your head.
You reflexively headbutt those who attack you in melee.


Message History

You thump the shadow imp!
You kill the shadow imp!
Your Maces & Flails skill increases to level 4!
You have reached level 2!
Unknown command.
You hit the iguana but do no damage. The iguana bites you.
The shadow imp shouts, "Scamper home, thou infectious fool-headed pignut!"
You barely miss the iguana. The iguana bites you.
You block the iguana's attack.
You hit the iguana. Your headbutt misses the iguana.
The iguana is moderately wounded.
The iguana bites you.
You barely miss the iguana.
The iguana is moderately wounded.
The iguana closely misses you.
You hit the iguana.
The iguana is heavily wounded.
The iguana bites you!
* * * LOW HITPOINT WARNING * * *
You sock the iguana!
You kill the iguana!
Your Fighting skill increases to level 5!
Your Maces & Flails skill increases to level 5!
Your Dodging skill increases to level 2!
You have reached level 3!
Your experience leads to an increase in your attributes!
Increase (S)trength, (I)ntelligence, or (D)exterity?
You feel stronger. x2
You sock the sleepcap!
The sleepcap is moderately damaged.
The sleepcap barely misses you. You furiously retaliate!
You headbutt the sleepcap. You block the sleepcap's attack.
You hit the sleepcap. You headbutt the sleepcap.
The sleepcap is severely damaged.
The sleepcap releases spores at you.
* * * LOW HITPOINT WARNING * * *
You are engulfed in a cloud of soporific spores!
You fall asleep.
The sleepcap releases spores at you!
You die... ▓▓▓▓▓▓▓▓▓▓▓▓▓▓▓▓▓▓ ▓<...)....@f55...+ ▓▓▓▓▓▓▓▓▓▓▓▓▓▓▓▓▓▓

You could see a sleepcap, a white imp and a shadow imp.

Vanquished Creatures
  An iguana (D)
  A shadow imp (D)
  A giant cockroach (D)
  A hobgoblin (D)
  2 quokkas (D)
  A goblin (D)
7 creatures vanquished.

Notes
Turn   | Place    | Note
-------+----------+-------------------------------------------
     0 | D        | 123456 the Minotaur Fighter began the quest for the Orb.
     0 | D        | Reached XP level 1. HP: 19/19 MP: 0/0
    14 | D        | Reached skill level 1 in Dodging
    22 | D        | Noticed an iguana
    22 | D        | Noticed a sleepcap
    27 | D        | Reached XP level 2. HP: 24/28 MP: 1/1
    33 | D        | Reached skill level 5 in Fighting
    33 | D        | Reached skill level 5 in Maces & Flails
    33 | D        | Reached XP level 3. HP: 8/37 MP: 2/2
    35 | D        | Mangled by a sleepcap

Illustrated notes

Levels and vault maps discovered:
D:        linesprint [early_d, line_temple, items_1, d_10, items_2, lair_1,
          lair_end, items_3, orc_1, orc_end, items_4, d_15, swamp_1, shoals_1,
          snake_1, spider_1, d_20, vaults_1, items_5, swamp_end, shoals_end,
          snake_end, spider_end, vaults_end, d_27, items_6, zot_1, zot_end,
          crypt_end, forest_end, elf_end, slime_end, tomb_end, abyss_end,
          pan_hell_end]

Skill      XL: |  1  2 |
---------------+-------+-----
Fighting       | 4 5 |  5.8
Maces & Flails | 4 5 |  5.1
Armour         | 4 |  4.7
Dodging        | 1 2 |  2.5
Shields        | |  3.6

Action                     || total
---------------------------++-------
  Melee: Flail             ||    24
         Headbutt          ||     6
 Armour: Scale mail        ||     5
  Dodge: Dodged            ||     7
  Block: Buckler           ||     6

Table legend: (Time is in decaauts)
 A = Elapsed time spent in this place.
 B = Non-inter-level travel time spent in this place.
 C = Inter-level travel time spent in this place.
 D = Time resting spent in this place.
 E = Time spent auto-exploring this place.
 F = Levels seen in this place.
 G = Mean time per level.
                   A        B        C        D        E       F      G
               +--------+--------+--------+--------+--------+-----+--------+
         Total |     41 |     41 |      0 |      0 |      9 |   1 |   41.0 |
       Dungeon |     41 |     41 |      0 |      0 |      9 |   1 |   41.0 |
               +--------+--------+--------+--------+--------+-----+--------+

Top non-repeatable levels by time:
       D: 41 daAuts
